 Dungeon Crawl Stone Soup version 0.30-a0-1164-ge08a67761e (webtiles) character file.

Game seed: 782190669857409205

101509 Iich the Executioner (level 15, -5/131 HPs) *EXPLORE*
             Began as a Demonspawn Fighter on Apr 29, 2023.
             Was an Initiate of Gozag.
             Slain by Asterion
             ... wielding a +2 spectral demon blade
              (17 damage)
             ... on level 3 of the Snake Pit.
             The game lasted 00:36:48 (21755 turns).

Iich the Executioner (Demonspawn Fighter)          Turns: 21755, Time: 00:36:49

Health: -5/131     AC: 24    Str: 19    XL:     15   Next: 83%
Magic:  0/15       EV: 15    Int: 13    God:    Gozag
Gold:   5451       SH: 14    Dex: 15    Spells: 14/14 levels left

rFire   + . .        R - +5 broad axe (venom)
rCold   . . .        c - +0 buckler
rNeg    . . .        w - +3 chain mail {rPois}
rPois   +            X - +2 helmet {SInv}
rElec   .            (cloak unavailable)
rCorr   +            (no gloves)
SInv    +            f - +1 pair of boots of Distant Worlds {*Corrode Will++}
Will    ++++.        U - amulet of reflection Stlth
                     O - +5 ring of evasion
HPRegen 0.41/turn    Y - ring "Hiekar" {rF+ Will+ rCorr Int+3}
MPRegen 0.28/turn

%: corrode self (3%), reflection, guardian spirit
@: lethally poisoned (-5 -> -7), gold aura
A: molten scales 2, icemail 1, magic shield, magic regeneration, condensation
shield, corrupting presence 1, weakness stinger 3, hooves 1, clumsy 1, mutation
resistance 1, sense surroundings 1
a: Renounce Religion, Potion Petition, Call Merchant, Bribe Branch


You were on level 3 of the Snake Pit.
You worshipped Gozag.
Gozag was greatly pleased with you.
You visited 5 branches of the dungeon, and saw 22 of its levels.
You also visited: Ossuary and Gauntlet.

You collected 7465 gold pieces.
You spent 592 gold pieces at shops.
You paid 1422 gold pieces to Gozag.

Inventory:

Hand Weapons
 R - a +5 broad axe of venom (weapon)
Missiles
 k - 5 throwing nets (quivered)
 H - 5 curare-tipped darts
Armour
 c - a +0 buckler (worn)
 f - the +1 pair of boots of Distant Worlds (worn) {*Corrode Will++}
   (You found it in a Gauntlet)

   *Corrode:  It may corrode you when you take damage.
   Will:      It greatly increases your willpower.
 w - a +3 chain mail of poison resistance (worn)
 X - a +2 helmet of see invisible (worn)
Jewellery
 r - a +4 ring of protection
 y - a +6 ring of intelligence
 A - a ring of willpower
 C - a +6 ring of strength
 N - a ring of positive energy
 O - a +5 ring of evasion (left hand)
 P - a ring of poison resistance
 U - an amulet of reflection (around neck)
 W - a ring of wizardry
 Y - the ring "Hiekar" (right hand) {rF+ Will+ rCorr Int+3}
   (You found it on level 1 of the Orcish Mines)

   [ring of willpower]

   Int:       It affects your intelligence (+3).
   rF:        It protects you from fire.
   rCorr:     It protects you from acid and corrosion.
   Will:      It increases your willpower.
 Z - a ring of flight
Wands
 p - a wand of polymorph (15)
 v - a wand of roots (10)
 D - a wand of digging (2)
 F - a wand of paralysis (25)
 I - a wand of flame (50)
 K - a wand of quicksilver (9)
Scrolls
 g - 3 scrolls of fear
 i - a scroll of torment
 m - 4 scrolls of poison
 o - 5 scrolls of fog
 t - 9 scrolls of teleportation
 u - 5 scrolls of magic mapping
 z - 2 scrolls of butterflies
 B - 7 scrolls of blinking
 J - a scroll of brand weapon
 L - a scroll of immolation
 M - a scroll of silence
 T - a scroll of vulnerability
Potions
 a - 3 potions of ambrosia
 b - 2 potions of invisibility
 d - 6 potions of might
 e - a potion of lignification
 h - a potion of haste
 j - 10 potions of mutation
 l - 7 potions of heal wounds
 n - 4 potions of resistance
 q - 4 potions of curing
 s - a potion of brilliance
 E - a potion of magic
 G - 2 potions of berserk rage
 Q - a potion of attraction
Miscellaneous
 x - a box of beasts
 S - a phantom mirror
 V - a lightning rod (4/4)


   Skills:
 + Level 16.3 Fighting
 * Level 21.8 Axes
 - Level 2.6 Armour
 + Level 7.4 Dodging
 - Level 2.6 Shields


You had 14 spell levels left.
You didn't know any spells.
Your spell library contained the following spells:

 Spells                   Type           Power      Damage    Failure   Level
 Magic Dart               Conj           0%         1d3       98%         1
 Shock                    Conj/Air       0%         1d3       98%         1
 Call Imp                 Summ           0%         N/A       99%         2
 Ensorcelled Hibernation  Hex/Ice        0%         N/A       99%         2
 Searing Ray              Conj           0%         2d4       99%         2
 Dazzling Flash           Conj/Hex       0%         N/A       100%        3
 Mephitic Cloud           Conj/Pois/Air  0%         N/A       100%        3
 Ozocubu's Armour         Ice            0%         N/A       100%        3
 Spider Form              Tmut/Pois      0%         N/A       100%        3
 Anguish                  Hex/Necr       0%         N/A       100%        4
 Agony                    Necr           0%         N/A       100%        5
 Blade Hands              Tmut           0%         N/A       100%        5
 Borgnjor's Vile Clutch   Necr/Erth      0%         N/A       100%        5
 Irradiate                Conj/Tmut      0%         3d11      100%        5
 Metabolic Englaciation   Hex/Ice        0%         N/A       100%        5
 Silence                  Hex/Air        0%         N/A       100%        5
 Conjure Ball Lightning   Conj/Air       0%         3x3d6     100%        6
 Iron Shot                Conj/Erth      0%         9d1       100%        6
 Dragon Form              Tmut           0%         N/A       100%        7
 Simulacrum               Ice/Necr       Unusable   N/A       N/A         6

Dungeon Overview and Level Annotations

Branches:
Dungeon (11/15)            Temple (1/1) D:5            Lair (5/5) D:11
 Shoals (0/4) Lair:3        Snake (3/4) Lair:3        Slime (0/5) Lair:5
    Orc (2/2) D:9             Elf (0/3) Orc:2       Ossuary (visited)
Gauntlet (visited)

Altars:
Ashenzari
Cheibriados
Dithmenos
Fedhas
Gozag
Hepliaklqana
Kikubaaqudgha
Makhleb
Nemelex Xobeh
Okawaru
Qazlal
Ru
Sif Muna
Trog
Uskayaw
Vehumet
Wu Jian
Xom
Yredelemnul

Shops:
D:4 [   D:9 [(   Orc:2 =!:?

Annotations:
Snake:3 3 runed translucent doors, Asterion; Puubajux's ghost, adept GrFi


Innate Abilities, Weirdness & Mutations

You are mostly covered in molten scales. (AC +3)
A meltable icy envelope protects you from harm. (AC +4)
When hurt, damage is shared between your health and your magic reserves.
You regenerate magic rapidly.
A meltable shield of frost defends you. (SH +4)
Your presence sometimes corrodes those you injure.
You have a sharp stinger which inflicts weakening toxins.
You have large cloven feet.
You are clumsy. (Dex -2)
You are somewhat resistant to further mutation.
You passively map a small area around you.


Message History

You tail-slap Asterion, but do no damage.
Asterion is moderately wounded.
You hit the +2 spectral demon blade.
You feel sick. Asterion misses you.
The +2 spectral demon blade closely misses you.
Asterion misses you.
You take 1 damage, and have 37/131 hp.
You hit Asterion.
Asterion is moderately wounded.
You hit the +2 spectral demon blade.
Asterion shares his spectral weapon's damage!
You feel sick. You block Asterion's attack.
The +2 spectral demon blade hits you.
* * * LOW HITPOINT WARNING * * *
Asterion misses you.
You take 3 damage, and have 34/131 hp.
You now have 5/15 mp.
You hit Asterion but do no damage.
Asterion is moderately wounded.
You slash the +2 spectral demon blade!
Asterion shares his spectral weapon's damage!
The +2 spectral demon blade disappears.
Your corrupting presence corrodes Asterion!
You block Asterion's attack. The +2 spectral demon blade hits you!
* * * LOW HITPOINT WARNING * * *
You block Asterion's attack.
A +2 spectral demon blade comes into view.
You take 11 damage, and have 23/131 hp.
You now have 3/15 mp.
Asterion blocks your attack.
Asterion is heavily wounded.
You slash the +2 spectral demon blade!
Asterion shares his spectral weapon's damage!
You feel sick. You block Asterion's attack.
The +2 spectral demon blade hits you.
* * * LOW HITPOINT WARNING * * *
Asterion misses you.
The nagaraja hits you from afar with a +0 halberd!
* * * LOW HITPOINT WARNING * * *
Asterion hits you with a +2 spectral demon blade!!
Die?
You die...
Your body crumbles into a pile of gold.

#### ......... .. ###...
........#* . , ...... *
........#* ., * ......
.......N# .# ####.#.....
........##.# .... ......
* , ........#..# ...
......
......H($.###..#########
,
,.......@####...#.......#
, ,
..........##...#.$#.#..#
.......N#.##...#.!.#...+
...#....#......#SN.....+
## #....####...#S:.#.NN+
#....# #...#SS#.#..#
#.)..# #...#.......#
#....# #...#########
#!...* #............


You could see Asterion (fast, extremely poisoned, corroded), a nagaraja, a naga
and a +2 spectral demon blade.

Vanquished Creatures
  Bai Suzhen (Snake:3)
  Mlioglotl (Snake:3)
  Rupert (Orc:2)
  Gastronok (D:8)
  A balrug (Gauntlet)
  An orc warlord (Orc:1)
  A minotaur (Gauntlet)
  The ghost of mnelsen79 the Grappler, a journeyman TrBe of Trog (Orc:1)
  Harold (D:9)
  5 hydras
  8 anacondas
  Erica (D:8)
  The ghost of Etsiony the Grappler, a novice TrTm of Cheibriados (Lair:2)
  2 boulder beetles
  A dancing weapon (Lair:2)
  3 catoblepae (Lair:5)
  2 two-headed ogres
  10 death yaks
  2 naga warriors (Snake:3)
  2 naga sharpshooters
  4 shock serpents
  A salamander mystic (Snake:2)
  5 skeletal warriors (D:7)
  6 orc knights (Orc:2)
  A naga ritualist (Snake:2)
  Pikel (D:4)
  4 lindwurms (D:10)
  A deep elf zephyrmancer (Orc:2)
  A deep elf pyromancer (Orc:2)
  2 mana vipers
  A wolf spider (Lair:3)
  12 salamanders
  2 manticores (Lair:5)
  11 elephants
  2 moths of wrath (Orc:1)
  2 cyclopes (D:11)
  4 guardian serpents
  16 black mambas
  6 naga magi
  3 torpor snails
  2 gargoyles (D:10)
  A kobold demonologist (D:10)
  11 cane toads
  3 rime drakes
  2 minotaur zombies (Gauntlet)
  3 komodo dragons
  7 trolls
  3 polar bears
  An ice devil (Gauntlet)
  A hornet (D:8)
  11 dream sheep
  15 blink frogs
  A slime creature (Lair:5)
  A chaos spawn (Gauntlet)
  3 wyverns
  2 wraiths (D:11)
  4 basilisks
  Grum (D:8)
  A steam dragon (D:7)
  52 yaks
  2 vampire mosquitoes (D:11)
  A neqoxec (Gauntlet)
  15 wargs
  13 nagas
  9 water moccasins
  A hell hound (Gauntlet)
  34 orc warriors
  A swamp drake (Orc:2)
  2 black bears
  An ice beast (D:6)
  A sky beast (D:7)
  5 ogres
  28 wolves
  3 centaurs
  A phantom (D:7)
  4 elf zombies (Ossuary)
  5 kobold brigands
  9 bullfrogs
  4 scorpions
  4 wights (D:7)
  3 killer bees (D:7)
  11 howler monkeys
  A crimson imp (Orc:2)
  3 lava snakes (Lair:3)
  2 centaur zombies (Ossuary)
  3 hounds
  2 human zombies (Ossuary)
  4 jellies
  2 gnoll boudas
  11 orc priests
  An iron imp (Orc:2)
  A sleepcap (D:6)
  Ijyb (D:4)
  7 hell rats (Lair:3)
  3 iguanas
  19 orc wizards
  A hound zombie (Ossuary)
  3 mummies (Ossuary)
  8 gnolls
  11 adders
  A shadow imp (Orc:2)
  6 white imps
  5 adder zombies (Ossuary)
  2 worms
  3 dart slugs
  91 orcs
  9 endoplasms
  2 giant cockroaches (D:1)
  7 hobgoblins
  4 quokkas
  8 ball pythons
  11 bats
  A frilled lizard (D:2)
  5 goblins
  A goblin zombie (Ossuary)
  2 hobgoblin zombies (Ossuary)
  8 jackal zombies (Ossuary)
  32 kobolds
  3 kobold zombies (Ossuary)
  An orc zombie (Ossuary)
  4 quokka zombies (Ossuary)
  6 rats
  4 rat zombies (Ossuary)
  2 spectral weapons (Snake:3)
714 creatures vanquished.

Vanquished Creatures (others)
  A salamander mystic (Snake:3)
  2 orc wizards (Orc:2)
  A demonic plant (Gauntlet)
  25 fungi
  27 plants
56 creatures vanquished.

Grand Total: 770 creatures vanquished

Notes
Turn   | Place    | Note
-------+----------+-------------------------------------------
     0 | D:1      | Iich the Demonspawn Fighter began the quest for the Orb.
     0 | D:1      | Reached XP level 1. HP: 18/18 MP: 1/1
     0 | D:1      | Entered explore mode.
    74 | D:1      | Reached skill level 2 in Axes
   117 | D:1      | Gained mutation: A meltable shield of frost defends you.
                  | (SH +4) [demonic ancestry]
   117 | D:1      | Reached XP level 2. HP: 24/24 MP: 2/2
   581 | D:2      | Reached XP level 3. HP: 22/29 MP: 3/3
   662 | D:2      | Reached skill level 3 in Axes
   905 | D:2      | Gained mutation: You have large cloven feet. [potion of
                  | mutation]
   905 | D:2      | Gained mutation: You passively map a small area around you.
                  | [potion of mutation]
   905 | D:2      | Gained mutation: You are somewhat resistant to further
                  | mutation. [potion of mutation]
  1075 | D:2      | Gained mutation: You have a small tail. [demonic ancestry]
  1075 | D:2      | Reached XP level 4. HP: 37/37 MP: 4/4
  1719 | D:3      | Reached skill level 4 in Axes
  2066 | D:4      | Found Liluz's Antique Armour Emporium.
  2078 | D:4      | Bought a glowing chain mail for 217 gold pieces
  2147 | D:4      | Gained mutation: You regenerate magic rapidly. [demonic
                  | ancestry]
  2147 | D:4      | Reached XP level 5. HP: 42/42 MP: 5/5
  2166 | D:4      | Noticed a +0 short sword
  2167 | D:4      | Noticed a +0 dagger
  2167 | D:4      | Noticed a +0 dagger
  2167 | D:4      | Noticed a +0 spear
  2167 | D:4      | Noticed a +0 falchion
  2169 | D:4      | Noticed a +0 spear
  2169 | D:4      | Noticed a +0 falchion
  2171 | D:4      | Noticed a +0 short sword
  2175 | D:4      | Noticed Pikel
  2176 | D:4      | Noticed a lemure
  2176 | D:4      | Noticed a lemure
  2176 | D:4      | Noticed a lemure
  2177 | D:4      | Found a hide-covered altar of Uskayaw.
  2177 | D:4      | Noticed a lemure
  2179 | D:4      | Noticed Ijyb
  2188 | D:4      | Killed Ijyb
  2204 | D:4      | Found a blossoming altar of Fedhas.
  2370 | D:4      | Found an iron altar of Okawaru.
  2441 | D:4      | Found a shimmering altar of Xom.
  2442 | D:4      | Found a hazy altar of Hepliaklqana.
  2442 | D:4      | Noticed a phantom
  2443 | D:4      | Noticed a spectral ugly thing
  2603 | D:4      | Killed Pikel
  2604 | D:4      | Reached skill level 5 in Fighting
  2604 | D:4      | Reached skill level 6 in Axes
  2604 | D:4      | Gained mutation: When hurt, damage is shared between your
                  | health and your magic reserves. [demonic ancestry]
  2604 | D:4      | Reached XP level 6. HP: 40/51 MP: 6/6
  2604 | D:4      | Reached XP level 7. HP: 44/56 MP: 7/7
  2914 | D:5      | Entered Level 5 of the Dungeon
  2924 | D:5      | Found a sand-covered staircase.
  2932 | Ossuary  | Entered an ossuary
  2995 | Ossuary  | Reached skill level 7 in Axes
  3054 | Ossuary  | Reached XP level 8. HP: 64/64 MP: 8/8
  3388 | D:5      | Reached skill level 8 in Axes
  3569 | D:5      | Found a broken altar of Ashenzari.
  3739 | D:5      | Found a radiant altar of Vehumet.
  3790 | D:5      | Found a staircase to the Ecumenical Temple.
  3804 | Temple   | Entered the Ecumenical Temple
  3905 | Temple   | Became a worshipper of Gozag Ym Sagoz the Greedy
  4529 | D:6      | Reached skill level 9 in Axes
  4558 | D:6      | Gained mutation: You are partially covered in molten
                  | scales. (AC +2) [demonic ancestry]
  4558 | D:6      | Reached XP level 9. HP: 68/72 MP: 9/9
  4698 | D:6      | Found a burning altar of Makhleb.
  4771 | D:6      | Found a shadowy altar of Dithmenos.
  4771 | D:6      | Found an ornate altar of the Wu Jian Council.
  5049 | D:6      | Found a sacrificial altar of Ru.
  5492 | D:7      | Reached skill level 10 in Axes
  5507 | D:7      | Noticed a skeletal warrior
  5512 | D:7      | Noticed a skeletal warrior
  5539 | D:7      | Slain by a skeletal warrior
                  | ... wielding a +0 short sword
                  | (12 damage)
  5554 | D:7      | Killed a skeletal warrior
  5739 | D:7      | Noticed a skeletal warrior
  5741 | D:7      | Noticed a skeletal warrior
  5753 | D:7      | Killed a skeletal warrior
  5753 | D:7      | Slain by a skeletal warrior
                  | ... wielding a +2 halberd of freezing
                  | (5 damage)
  5754 | D:7      | Reached skill level 11 in Axes
  5754 | D:7      | Gained mutation: You are mostly covered in molten scales.
                  | (AC +3) [demonic ancestry]
  5754 | D:7      | Reached XP level 10. HP: 83/83 MP: 0/10
  5761 | D:7      | Slain by a skeletal warrior
                  | ... wielding a +2 halberd of freezing
                  | (15 damage)
  5770 | D:7      | Killed a skeletal warrior
  5776 | D:7      | Mangled by a skeletal warrior
                  | ... wielding a +2 halberd of freezing
                  | (13 damage)
  5780 | D:7      | Killed a skeletal warrior
  5783 | D:7      | Noticed a skeletal warrior
  5793 | D:7      | Mangled by a wight
                  | ... wielding a +2 short sword of electrocution
                  | (16 damage)
  5804 | D:7      | Killed a skeletal warrior
  5817 | D:7      | Reached skill level 12 in Axes
  6424 | D:8      | Noticed Grum
  6447 | D:8      | Reached skill level 10 in Fighting
  6450 | D:8      | Killed Grum
  6624 | D:8      | Noticed Gastronok
  6633 | D:8      | Noticed a two-headed ogre
  6640 | D:8      | HP: 4/85 [two-headed ogre/+0 giant club (11)]
  6640 | D:8      | Demolished by Gastronok (21 damage)
  6646 | D:8      | Killed Gastronok
  6646 | D:8      | Killed a two-headed ogre
  6647 | D:8      | Gained mutation: You have a tail ending in a sharp stinger.
                  | [demonic ancestry]
  6647 | D:8      | Reached XP level 11. HP: 59/92 MP: 2/11
  6872 | D:8      | Reached skill level 13 in Axes
  7016 | D:8      | Noticed Erica
  7027 | D:8      | Killed Erica
  7567 | D:9      | Found Jianiaga's Armour Shop.
  7570 | D:9      | Found a staircase to the Orcish Mines.
  7619 | D:9      | Bought a +2 broad axe of flaming for 211 gold pieces
  7731 | D:9      | Noticed a boulder beetle
  7751 | D:9      | Killed a boulder beetle
  8179 | D:9      | Found a sparkling altar of Nemelex Xobeh.
  8199 | D:9      | Noticed Harold
  8212 | D:9      | Killed Harold
  8332 | D:10     | Entered Level 10 of the Dungeon
  8332 | D:10     | Noticed a two-headed ogre
  8341 | D:10     | Killed a two-headed ogre
  8484 | D:10     | Noticed a lindwurm
  8495 | D:10     | Noticed a lindwurm
  8504 | D:10     | Noticed a lindwurm
  8522 | D:10     | Noticed a lindwurm
  8833 | D:10     | Reached skill level 14 in Axes
  9012 | D:10     | HP: 3/93 [lindwurm/blast of flame (13)]
  9014 | D:10     | Killed from afar by a lindwurm (3 damage)
                  | ... with a blast of flame
  9032 | D:10     | Killed from afar by a lindwurm (18 damage)
                  | ... with a blast of flame
  9063 | D:10     | Killed from afar by a lindwurm (34 damage)
                  | ... with a blast of flame
  9069 | D:10     | Killed from afar by a lindwurm (23 damage)
                  | ... with a blast of flame
  9220 | D:10     | HP: 4/93 [lindwurm (6)]
  9223 | D:10     | Killed from afar by a lindwurm (20 damage)
                  | ... with a blast of flame
  9224 | D:10     | Killed a lindwurm
  9224 | D:10     | Killed a lindwurm
  9230 | D:10     | Killed a lindwurm
  9251 | D:10     | Killed a lindwurm
  9252 | D:10     | Gained mutation: You have a sharp stinger which inflicts
                  | weakening toxins. [demonic ancestry]
  9252 | D:10     | Reached XP level 12. HP: 46/102 MP: 4/12
  9436 | D:11     | Noticed a death yak
  9437 | D:11     | Found a staircase to the Lair.
  9456 | D:11     | Killed a death yak
  9665 | D:10     | Found a stormy altar of Qazlal.
  9900 | D:11     | Reached skill level 15 in Axes
 11040 | Lair:1   | Entered Level 1 of the Lair of Beasts
 11770 | Lair:1   | Reached skill level 16 in Axes
 12201 | Lair:2   | Found a runed translucent door.
 12206 | Lair:2   | Noticed a boulder beetle
 12229 | Lair:2   | Killed a boulder beetle
 12644 | Lair:2   | Gained mutation: A meltable icy envelope protects you from
                  | harm. (AC +4) [demonic ancestry]
 12644 | Lair:2   | Reached XP level 13. HP: 110/111 MP: 13/13
 12799 | Lair:2   | Found a shimmering altar of Xom.
 12799 | Lair:2   | Noticed Etsiony's ghost (novice TrTm)
 12889 | Lair:2   | Mangled by a +2 lajatang of chaos (16 damage)
 12904 | Lair:2   | Killed Etsiony's ghost
 13263 | Lair:3   | Found a gate leading to a gauntlet.
 13290 | Gauntlet | Entered a Gauntlet
 13290 | Gauntlet | Found a transporter.
 13290 | Gauntlet | Found a transporter.
 13350 | Gauntlet | Found a transporter.
 13355 | Gauntlet | Found a runed translucent door.
 13363 | Gauntlet | Found a transporter.
 13363 | Gauntlet | Found a transporter.
 13363 | Gauntlet | Found a transporter.
 13365 | Gauntlet | Found a transporter.
 13365 | Gauntlet | Found a transporter.
 13376 | Gauntlet | Found a runed translucent gate.
 13378 | Gauntlet | Found a transporter.
 13379 | Gauntlet | Found a runed translucent gate.
 13380 | Gauntlet | Found a runed translucent gate.
 13394 | Gauntlet | Found a transporter.
 13404 | Gauntlet | Found a transporter.
 13414 | Gauntlet | Noticed a balrug
 13418 | Gauntlet | Found a transporter.
 13438 | Gauntlet | Found a transporter.
 13450 | Gauntlet | Found a transporter.
 13601 | Gauntlet | Gained mutation: You are clumsy. (Dex -2) [a neqoxec]
 13651 | Gauntlet | Identified the +1 pair of boots of Distant Worlds {*Corrode
                  | Will++}
 13663 | Gauntlet | Reached skill level 17 in Axes
 13841 | Gauntlet | Slain by a balrug
                  | ... wielding a +0 demon whip
                  | (11 damage)
 13844 | Gauntlet | Killed a balrug
 13900 | Gauntlet | Noticed a minotaur
 13918 | Gauntlet | Killed a minotaur
 14663 | Lair:3   | Found a staircase to the Shoals.
 14796 | Lair:3   | Found a staircase to the Snake Pit.
 14813 | Lair:3   | Reached skill level 18 in Axes
 16041 | Lair:4   | Reached skill level 19 in Axes
 16193 | Lair:5   | Entered Level 5 of the Lair of Beasts
 16219 | Lair:5   | Reached skill level 1 in Dodging
 16235 | Lair:5   | Gained mutation: Your presence sometimes corrodes those you
                  | injure. [demonic ancestry]
 16235 | Lair:5   | Reached XP level 14. HP: 100/121 MP: 11/14
 16711 | Lair:5   | Found a staircase to the Slime Pits.
 16849 | Lair:5   | Reached skill level 20 in Axes
 17139 | Lair:5   | Reached skill level 15 in Fighting
 17494 | Lair:5   | Got the Parchment of Bruises and Resurrection
 17749 | Orc:1    | Entered Level 1 of the Orcish Mines
 17789 | Orc:1    | Found a transporter.
 17799 | Orc:1    | Noticed mnelsen79's ghost (journeyman TrBe)
 17814 | Orc:1    | Found a transporter.
 18094 | Orc:1    | Killed mnelsen79's ghost
 18197 | Orc:1    | Identified the ring "Hiekar" {rF+ Will+ rCorr Int+3}
 18267 | Orc:2    | Entered Level 2 of the Orcish Mines
 18267 | Orc:2    | Noticed Rupert
 18281 | Orc:2    | Killed Rupert
 18636 | Orc:2    | Reached skill level 5 in Dodging
 18888 | Orc:2    | Found Vied's Magic Scroll Shop.
 18922 | Orc:2    | Bought a scroll of blinking for 82 gold pieces
 18922 | Orc:2    | Bought a scroll of enchant weapon for 82 gold pieces
 18930 | Orc:2    | Found Dyhyth's Book Emporium.
 19031 | Orc:2    | Found a staircase to the Elven Halls.
 19147 | Orc:2    | Found Zellewor's Jewellery Emporium.
 19177 | Orc:2    | Found Aloesk's Distillery.
 19189 | Orc:2    | Reached XP level 15. HP: 123/129 MP: 13/15
 19477 | Orc:1    | Reached skill level 21 in Axes
 19920 | Snake:1  | Entered Level 1 of the Snake Pit
 21040 | Snake:3  | Identified the +0 chain mail "Wuerghan" {rElec Str+5 Dex+3
                  | Slay-3}
 21232 | Snake:3  | Identified the +8 ring mail "Neasmy" {rC+ rN+}
 21258 | Snake:3  | Got Sif Muna's Commentary on the Forceful Dead
 21265 | Snake:3  | Noticed Bai Suzhen
 21280 | Snake:3  | HP: 4/123 [ten-headed hydra[Bai Suzhen] (8)]
 21280 | Snake:3  | Slain by a ten-headed hydra (7 damage)
                  | ... summoned by Bai Suzhen
 21285 | Snake:3  | Slain by a 15-headed hydra (10 damage)
                  | ... summoned by Bai Suzhen
 21290 | Snake:3  | HP: 2/123 [14-headed hydra[Bai Suzhen] (7)]
 21291 | Snake:3  | Slain by Bai Suzhen (2 damage)
 21294 | Snake:3  | Killed Bai Suzhen
 21307 | Snake:3  | Demolished by a naga
                  | ... wielding a +0 halberd
                  | (27 damage)
 21316 | Snake:3  | HP: 6/131 [salamander/+0 halberd (6)]
 21322 | Snake:3  | HP: 6/131 [salamander/+0 halberd (3)]
 21322 | Snake:3  | Slain by a salamander
                  | ... wielding a +0 halberd
                  | (6 damage)
 21428 | Snake:3  | Noticed Mlioglotl
 21477 | Snake:3  | Killed Mlioglotl
 21682 | Snake:3  | Found a runed translucent gate.
 21683 | Snake:3  | Found a runed translucent gate.
 21710 | Snake:3  | Found a runed translucent gate.
 21715 | Snake:3  | Noticed Puubajux's ghost (adept GrFi)
 21743 | Snake:3  | Noticed Asterion
 21745 | Snake:3  | Noticed a nagaraja
 21755 | Snake:3  | Slain by Asterion

Illustrated notes

Levels and vault maps discovered:
D:1:      lemuel_arrival_river_bridge, layout_rooms, st_stairs_12,
          minmay_misc_feat_nine_boxes
D:2:      layout_basic, minmay_unequal
D:3:      layout_loops_ring, skrybe_limestone_x
D:4:      layout_basic, regret_index_temple_of_mockery, fedhas_altar_3,
          kennysheep_okawaru_gauntlet, nicolae_uskayaw_en_pointe, serial_shops,
          nicolae_shop_tiny_statue_garden, dreamdust_wishing_well, uniq_ijyb,
          uniq_pikel
D:5:      layout_loops_cross, lemuel_round_altar,
          mainiacjoe_overflow_small_starburst, minmay_temple_entry_junction_2,
          nicolae_ossuary_entry_false_entrances, lexackson_kobold_supper
D:6:      layout_loops_cross, old_standard_altar,
          nicolae_ru_the_path_less_chosen, mainiacjoe_overflow_divided_tiny
D:7:      layout_loops_ring, minmay_misc_feat_secret_circle
D:8:      layout_gridville, uniq_grum, uniq_gastronok, uniq_erica
D:9:      layout_roguey, marbit_many_paths, orc_david_3, uniq_harold
D:10:     layout_roguey, good_gods_temple_1, grunt_qazlal_clouds,
          minmay_lindwurm_lava
D:11:     layout_layer_cave, david_lair_generic, kennysheep_generic_room_13
Temple:   hellmonk_temple_beads
Lair:1:   layout_chaotic_city
Lair:2:   layout_chaotic_city, ebering_ghost_xom, lemuel_fruit_tree,
          infiniplex_staircase_pool
Lair:3:   layout_cave_pods, elwin_shoals_entry_rocks,
          nicolae_snake_entry_warm_welcome, gauntlet_entry_generic,
          nicolae_lair_run_with_the_wolves
Lair:4:   layout_loops_ring, grunt_megastairs_5
Lair:5:   evilmike_catoblepas_cave, layout_loops_ring,
          minmay_slime_entry_pillars, infiniplex_staircase_pool_2
Snake:1:  layout_misc_corridors, nicolae_snake_magic_snake_eye
Snake:2:  layout_honeycomb, serial_shops, shop, grunt_megastairs_4
Snake:3:  layout_rooms, gammafunk_ghost_split, uniq_mlioglotl, uniq_bai_suzhen,
          uniq_asterion
Orc:1:    layout_diamond_mine, gammafunk_ghost_berserking_beasts
Orc:2:    st_orc_town, layout_caves, hangedman_minor_magic, uniq_rupert

Skill      XL: |  1  2  3  4  5  6  7  8  9 10 11 12 13 14 15 |
---------------+----------------------------------------------+-----
Axes           | 2 3 4 6 7 9 11 12 14 16 19 20 21 | 21.8
Fighting       | 4 5 6 7 9 10 11 13 14 15 16 | 16.3
Dodging        | 1 5 7 |  7.4
Armour         | |  2.6
Shields        | |  2.6

Action                     |  1- 3 |  4- 6 |  7- 9 | 10-12 | 13-15 || total
---------------------------+-------+-------+-------+-------+-------++-------
  Melee: War axe           |   108 |    93 |   355 |   153 |       ||   709
         Kick              |     1 |    20 |   115 |   162 |    33 ||   331
         Tailslap          |       |    10 |    62 |    65 |   229 ||   366
         Broad axe         |       |       |       |   297 |  1062 ||  1359
 Invoke: Call Merchant     |       |       |       |     1 |       ||     1
         Potion Petition   |       |       |       |       |     1 ||     1
    Use: Potion            |     2 |       |     2 |     3 |     1 ||     8
         Scroll            |       |     2 |    10 |    10 |     9 ||    31
   Stab: Distracted        |       |       |     3 |     1 |     8 ||    12
 Armour: Scale mail        |    51 |       |       |       |       ||    51
         Chain mail        |     2 |    93 |   176 |   183 |   425 ||   879
  Dodge: Dodged            |    40 |    40 |    84 |   171 |   427 ||   762
  Block: Buckler           |    55 |    93 |   145 |   188 |   596 ||  1077
         Reflection        |       |       |       |       |    23 ||    23

Table legend: (Time is in decaauts)
 A = Elapsed time spent in this place.
 B = Non-inter-level travel time spent in this place.
 C = Inter-level travel time spent in this place.
 D = Time resting spent in this place.
 E = Time spent auto-exploring this place.
 F = Levels seen in this place.
 G = Mean time per level.
                   A        B        C        D        E       F      G
               +--------+--------+--------+--------+--------+-----+--------+
         Total |  21550 |  20746 |    804 |    151 |  16169 |  24 |  897.9 |
       Dungeon |  10707 |  10297 |    410 |     75 |   8288 |  11 |  973.4 |
        Temple |    167 |    101 |     66 |      0 |     82 |   1 |  167.0 |
          Lair |   5810 |   5535 |    275 |      0 |   4590 |   5 | 1162.0 |
     Snake Pit |   1765 |   1765 |      0 |     31 |   1306 |   3 |  588.3 |
  Orcish Mines |   1952 |   1901 |     51 |     45 |   1285 |   2 |  976.0 |
       Ossuary |    364 |    364 |      0 |      0 |    169 |   1 |  364.0 |
      Gauntlet |    781 |    781 |      0 |      0 |    449 |   1 |  781.0 |
               +--------+--------+--------+--------+--------+-----+--------+

Top non-repeatable levels by time:
    D:10: 1413 daAuts
  Lair:5: 1352 daAuts
    D:11: 1350 daAuts
  Lair:3: 1311 daAuts
   Orc:2: 1226 daAuts
     D:8: 1204 daAuts
  Lair:1: 1163 daAuts
  Lair:2: 1094 daAuts
     D:7: 982 daAuts
     D:6: 972 daAuts
     D:2: 927 daAuts
     D:9: 921 daAuts
  Lair:4: 887 daAuts
     D:5: 865 daAuts
     D:4: 864 daAuts
